AoeStats
← nicorossel70

Arena

506454777Analyzed
1v1 RM · 18d ago on Sep 13, 2026· 39m 27s· 2 players
Game mode
Random Map
Map size
Tiny (2 player)
Population
200
Speed
Normal
Resources
Standard
Victory
Conquest
Starting age
Dark Age
Ending age
Imperial Age
RankedLock teamsTeams togetherTeam positionsShared explorationLock speedFull tech treeHidden civsTurbo modeCheats
Victory
Defeat
🇨🇱 Cumans · Chile
1208
+17
🇧🇬 Romans · Bulgaria
1233
-17
nicorossel70
7:17 Loom
9:21 Feudal Age
10:10 Double-Bit Axe
12:56 Horse Collar
18:25 Gold Mining
20:55 Castle Age
19:53 Wheelbarrow
21:50 Stone Mining
22:13 Bow Saw
25:00 Imperial Age
23:00 Bloodlines
23:00 Heavy Plow
24:36 Gold Shaft Mining
24:59 Hand Cart
25:57 Forging
25:39 Town Watch
25:50 Cavalier
28:17 Scale Barding Armor
32:14 Iron Casting
32:00 Chain Barding Armor
31:46 Fletching
33:28 Sappers
33:48 Pikeman
35:58 Blast Furnace
37:02 Conscription
Nokia3310
10:31 Feudal Age
14:23 Castle Age
12:26 Double-Bit Axe
12:54 Horse Collar
15:16 Bow Saw
20:50 Wheelbarrow
20:49 Stone Mining
22:32 Gold Mining
24:48 Gold Shaft Mining
25:01 Hand Cart
28:54 Imperial Age
26:43 Scale Barding Armor
26:48 Forging
26:51 Heavy Plow
28:21 Chain Barding Armor
29:14 Iron Casting
29:03 Elite Centurion
30:23 Plate Barding Armor
33:24 Blast Furnace
33:13 Cavalier
33:53 Husbandry
34:03 Bloodlines
Connection lost

Rejoining the realm…

Still unreachable

The connection could not be restored.

Session expired

The server has moved on; the page needs a fresh start.